 Dungeon Crawl Stone Soup version 0.19.3-1-g3169bf9 (webtiles) character file.

103 ponk the Sneak (level 4, -1/29 HPs)
             Began as an Octopode Assassin on Jan 24, 2017.
             Slain by a frilled lizard (2 damage)
             ... on level 2 of the Dungeon.
             The game lasted 00:02:51 (1453 turns).

ponk the Sneak (Octopode Assassin)                  Turns: 1453, Time: 00:02:52

Health: -1/29      AC:  1    Str: 10    XL:     4   Next: 79%
Magic:  4/4        EV: 13    Int: 13    God:
Gold:   99         SH:  0    Dex: 14    Spells: 0 memorised, 3 levels left

rFire  . . .     SeeInvis .     a - +2 dagger
rCold  . . .     Gourm    .     (no shield)
rNeg   . . .     Faith    .     (helmet restricted)
rPois  .         Spirit   .     (no amulet)
rElec  .         Reflect  .     (no ring)
rCorr  .         Harm     .     (no ring)
MR     .....                    (no ring)
Stlth  +++++.....               (no ring)
                                (no ring)
                                (no ring)
                                (no ring)
                                (no ring)

@: no status effects
A: almost no armour, stealthy swim, amphibious, 8 rings, constrict 8, camouflage
1, gelatinous body 1
a: no special abilities


You were on level 2 of the Dungeon.
You were not hungry.

You visited 1 branch of the dungeon, and saw 2 of its levels.

You collected 99 gold pieces.

Inventory:

Hand Weapons
 a - a +2 dagger (weapon)
 b - a +0 blowgun
Missiles
 c - 8 poisoned needles
 d - 2 curare-tipped needles
Scrolls
 e - 8 scrolls of identify {unknown}
 l - 2 scrolls of remove curse {unknown}
 m - a scroll of enchant weapon {unknown}
 n - 2 scrolls of enchant armour {unknown}
 o - a scroll of teleportation {unknown}
 p - a scroll of immolation {unknown}
 q - a scroll of amnesia {unknown}
Potions
 g - a potion of brilliance {unknown}
 j - a potion of cure mutation {unknown}
 k - 2 potions of curing {unknown}
Comestibles
 f - 4 bread rations
 h - 7 chunks of flesh
 i - a royal jelly
 r - a slice of pizza


   Skills:
 - Level 2.0 Fighting
 + Level 3.4 Short Blades
 - Level 2.0 Throwing
 - Level 1.0 Dodging
 + Level 7.2 Stealth


You had 3 spell levels left.
You didn't know any spells.

Dungeon Overview and Level Annotations

Branches:
Dungeon (2/15)

Altars:
Ashenzari
Trog


Innate Abilities, Weirdness & Mutations

You cannot wear most types of armour.
You are very stealthy in the water. (Stealth+)
You are amphibious.
You can wear up to eight rings at the same time.
You can use your tentacles to constrict eight enemies at once.
Your skin changes colour to match your surroundings (Stealth+).
Your rubbery body absorbs attacks. (AC +1, EV +1)


Message History

You release your grip on the worm.
The frilled lizard bites you.
* * * LOW HITPOINT WARNING * * *
The quokka bites you.
* * * LOW HITPOINT WARNING * * *
You completely miss the quokka. Your grab misses the quokka.
You squeeze the quokka, but do no damage.
The frilled lizard barely misses you. The quokka bites you.
* * * LOW HITPOINT WARNING * * *
You closely miss the quokka. You grab the quokka.
You squeeze the quokka, but do no damage.
You constrict the quokka. The frilled lizard closely misses you.
The quokka barely misses you. The frilled lizard barely misses you.
You hit the quokka.
The quokka is heavily wounded.
You constrict the quokka, but do no damage.
The frilled lizard closely misses you. The quokka barely misses you.
You hit the quokka. You squeeze the quokka.
You kill the quokka!
The frilled lizard bites you.
You die...

#............. ..
#.##.........#
....###.##.).......#
r.....†...........##
....###(.#........## #
####.....$........
#######..(.##...........
#.........####..........
#......@..# ##...#..##.
#.....l.l(# #......###
#......w..# #.....####
#.....).................
#.........#####....#####
#.........# ##...
#.......... ##...#...#..
#..###.###..


You could see a worm and 2 frilled lizards.

Vanquished Creatures
  5 adders (D:2)
  2 dart slugs (D:2)
  3 leopard geckos
  3 giant cockroaches
  7 goblins
  7 hobgoblins
  6 jackals
  4 kobolds
  A quokka (D:2)
  A ball python (D:1)
  2 bats
  3 frilled lizards
  3 rats
47 creatures vanquished.

Notes
Turn   | Place    | Note
-------+----------+-------------------------------------------
     0 | D:1      | ponk the Octopode Assassin began the quest for the Orb.
     0 | D:1      | Reached XP level 1. HP: 14/14 MP: 1/1
   213 | D:1      | Reached XP level 2. HP: 15/19 MP: 2/2
   252 | D:1      | Reached skill level 6 in Stealth
   316 | D:1      | Found a shattered altar of Ashenzari.
   727 | D:1      | Reached XP level 3. HP: 15/24 MP: 3/3
  1113 | D:2      | Found a bloodstained altar of Trog.
  1163 | D:2      | Reached XP level 4. HP: 29/29 MP: 4/4
  1263 | D:2      | Reached skill level 7 in Stealth
  1450 | D:2      | HP: 1/29 [quokka (1)]
  1453 | D:2      | Slain by a frilled lizard

Skill      XL: |  1  2  3  4 |
---------------+-------------+-----
Stealth        | 6 7 |  7.2
Short Blades   | 3 |  3.4
Fighting       | |  2.0
Throwing       | |  2.0
Dodging        | |  1.0

Action                   |  1- 3 |  4- 6 || total
-------------------------+-------+-------++-------
Melee: Dagger            |    56 |    52 ||   108
       Constrict         |    16 |    16 ||    32
       Tentacles         |     6 |    12 ||    18
 Stab: Sleeping          |     7 |     3 ||    10
  Eat: Chunk             |     1 |     1 ||     2
Armor: Skin              |    10 |     3 ||    13
Dodge: Dodged            |    28 |    37 ||    65
